BSA
MADISON BOMBERS @ POCATELLO BOCCABELLAS
08/28/2024
 
TOP OF THE 1ST
Madison Bombers batting - Pitching for Pocatello Boccabellas : RHP José Rojas
Pitching: RHP José Rojas
Batting: LHB Keith Tillman 0-0: Called Strike
0-1: Ball
1-1: Ball
2-1: Foul Ball, location: 2F
2-2: Strikes out looking
Batting: RHB Sergio Márquez 0-0: Called Strike
0-1: Ball
1-1: Ball
2-1: Swinging Strike
2-2: Foul Ball, location: 2F
2-2: Foul Ball, location: 2F
2-2: Strikes out swinging
Batting: LHB Sixto Cantú 0-0: Foul Ball, location: 2F
0-1: Ball
1-1: Ball
2-1: Swinging Strike
2-2: Strikes out swinging
Top of the 1st over - 0 run(s), 0 hit(s), 0 error(s), 0 left on base; Madison 0 - Pocatello 0
BOTTOM OF THE 1ST
Pocatello Boccabellas batting - Pitching for Madison Bombers : RHP Won-min Im
Pitching: RHP Won-min Im
Batting: RHB José Delgado 0-0: Called Strike
0-1: Ground out 5-3 (Groundball, 56)
Batting: RHB Marlon Phipps 0-0: Ball
1-0: Ball
2-0: Swinging Strike
2-1: Ball
3-1: Base on Balls
Batting: LHB Juan Cortés 0-0: Ball
1-0: Fielders Choice at 2nd, 3-6 (Groundball, 3)
Batting: RHB Francisco Sandoval 0-0: Ball
1-0: Ball
2-0: Ball
3-0: DOUBLE (Line Drive, 7LD)
Juan Cortés to third
Runner from 3rd tries for Home, throw and OUT!
Bottom of the 1st over - 0 run(s), 1 hit(s), 0 error(s), 1 left on base; Madison 0 - Pocatello 0
TOP OF THE 2ND
Madison Bombers batting - Pitching for Pocatello Boccabellas : RHP José Rojas
Batting: LHB Dave Williams 0-0: Ball
1-0: Swinging Strike
1-1: Ball
2-1: Swinging Strike
2-2: Ball
3-2: Base on Balls
Batting: RHB Bailey Ramsey 0-0: Ball
1-0: Ball
2-0: Swinging Strike
2-1: Swinging Strike
2-2: Foul Ball, location: 2F
2-2: Foul Ball, location: 2F
2-2: Ball
3-2: Foul Ball, location: 2F
3-2: Strikes out swinging
Batting: LHB José Santos 0-0: Called Strike
0-1: Ball
1-1: Called Strike
1-2: Foul Ball, location: 2F
1-2: Grounds into double play, 4-6-3 (Groundball, 34)
Top of the 2nd over - 0 run(s), 0 hit(s), 0 error(s), 0 left on base; Madison 0 - Pocatello 0
BOTTOM OF THE 2ND
Pocatello Boccabellas batting - Pitching for Madison Bombers : RHP Won-min Im
Batting: LHB Norberto Muñóz 0-0: Ball
1-0: Foul Ball, location: 2F
1-1: Called Strike
1-2: SINGLE (Groundball, 4MD)
Batting: LHB David Monahan 0-0: Ball
1-0: Ball
2-0: Called Strike
2-1: Called Strike
Norberto Muñóz is caught stealing 2nd base
2-2: Foul Ball, location: 2F
2-2: Foul Ball, location: 2F
2-2: SINGLE (Line Drive, 9LS)
Batting: RHB Pedro Guzmán 0-0: Ball
1-0: Fly out, F7 (Flyball, 7D)
Batting: RHB Pete Harvey 0-0: Foul Ball, location: 2F
0-1: Fielders Choice at 2nd, U6 (Groundball, 6M)
Bottom of the 2nd over - 0 run(s), 2 hit(s), 0 error(s), 1 left on base; Madison 0 - Pocatello 0
TOP OF THE 3RD
Madison Bombers batting - Pitching for Pocatello Boccabellas : RHP José Rojas
Batting: SHB Derek Roach 0-0: Called Strike
0-1: Fly out, F3 (Popup, 34)
Batting: RHB Vicente Aguirre 0-0: Ball
1-0: Called Strike
1-1: Foul Ball, location: 2F
1-2: Strikes out swinging
Batting: SHB Michael McDonald 0-0: Ball
1-0: Foul Ball, location: 2F
1-1: Swinging Strike
1-2: Ball
2-2: Foul Ball, location: 2F
2-2: Ground out 1-3 (Groundball, 23)
Top of the 3rd over - 0 run(s), 0 hit(s), 0 error(s), 0 left on base; Madison 0 - Pocatello 0
BOTTOM OF THE 3RD
Pocatello Boccabellas batting - Pitching for Madison Bombers : RHP Won-min Im
Batting: SHB Guillermo Ortíz 0-0: Ground out 4-3 (Groundball, 4)
Batting: RHB José Delgado 0-0: Ball
1-0: Ball
2-0: Ball
3-0: Called Strike
3-1: Ground out 1-3 (Groundball, 15)
Batting: RHB Marlon Phipps 0-0: Called Strike
0-1: Foul Ball, location: 2F
0-2: Ball
1-2: Ball
2-2: Strikes out swinging
Bottom of the 3rd over - 0 run(s), 0 hit(s), 0 error(s), 0 left on base; Madison 0 - Pocatello 0
TOP OF THE 4TH
Madison Bombers batting - Pitching for Pocatello Boccabellas : RHP José Rojas
Batting: LHB Keith Tillman 0-0: Ground out 4-3 (Groundball, 4S)
Batting: RHB Sergio Márquez 0-0: Called Strike
0-1: Foul Ball, location: 2F
0-2: Fly out, F7 (Line Drive, 78S)
Batting: LHB Sixto Cantú 0-0: Foul Ball, location: 2F
0-1: Called Strike
0-2: Strikes out looking
Top of the 4th over - 0 run(s), 0 hit(s), 0 error(s), 0 left on base; Madison 0 - Pocatello 0
BOTTOM OF THE 4TH
Pocatello Boccabellas batting - Pitching for Madison Bombers : RHP Won-min Im
Batting: LHB Juan Cortés 0-0: Ball
1-0: SOLO HOME RUN (Flyball, 7D), Distance : 385 ft
Batting: RHB Francisco Sandoval 0-0: Called Strike
0-1: Ball
1-1: Foul Ball, location: 2F
1-2: Ball
2-2: Foul Ball, location: 2F
2-2: Ground out 4-3 (Groundball, 4)
Batting: LHB Norberto Muñóz 0-0: Ground out 2-3 (Groundball, 23)
Batting: LHB David Monahan 0-0: Ball
1-0: Ball
2-0: Called Strike
2-1: Foul Ball, location: 2F
2-2: Foul Ball, location: 2F
2-2: Foul Ball, location: 2F
2-2: Strikes out swinging
Bottom of the 4th over - 1 run(s), 1 hit(s), 0 error(s), 0 left on base; Madison 0 - Pocatello 1
TOP OF THE 5TH
Madison Bombers batting - Pitching for Pocatello Boccabellas : RHP José Rojas
Batting: LHB Dave Williams 0-0: Ball
1-0: Ground out U3 (Groundball, 3)
Batting: RHB Bailey Ramsey 0-0: Called Strike
0-1: Ball
1-1: Called Strike
1-2: Ground out 5-3 (Groundball, 56S)
Batting: LHB José Santos 0-0: Called Strike
0-1: Called Strike
0-2: Strikes out swinging
Top of the 5th over - 0 run(s), 0 hit(s), 0 error(s), 0 left on base; Madison 0 - Pocatello 1
BOTTOM OF THE 5TH
Pocatello Boccabellas batting - Pitching for Madison Bombers : RHP Won-min Im
Batting: RHB Pedro Guzmán 0-0: Called Strike
0-1: Ball
1-1: Foul Ball, location: 2F
1-2: Ground out 5-3 (Groundball, 56S)
Batting: RHB Pete Harvey 0-0: Called Strike
0-1: Foul Ball, location: 2F
0-2: Ball
1-2: Ground out 6-3 (Groundball, 6)
Batting: SHB Guillermo Ortíz 0-0: Ball
1-0: Fly out, F9 (Flyball, 9M)
Bottom of the 5th over - 0 run(s), 0 hit(s), 0 error(s), 0 left on base; Madison 0 - Pocatello 1
TOP OF THE 6TH
Madison Bombers batting - Pitching for Pocatello Boccabellas : RHP José Rojas
Batting: SHB Derek Roach 0-0: Ball
1-0: Ball
2-0: Ground out 4-3 (Groundball, 4)
Batting: RHB Vicente Aguirre 0-0: Ball
1-0: Ball
2-0: Foul Ball, location: 2F
2-1: Ball
3-1: Base on Balls
Batting: SHB Michael McDonald 0-0: Ball
1-0: Fly out, F9 (Flyball, 9LD)
Batting: LHB Keith Tillman 0-0: Swinging Strike
0-1: Ball
1-1: Fly out, F8 (Popup, 4MD)
Top of the 6th over - 0 run(s), 0 hit(s), 0 error(s), 1 left on base; Madison 0 - Pocatello 1
BOTTOM OF THE 6TH
Pocatello Boccabellas batting - Pitching for Madison Bombers : RHP Won-min Im
Batting: RHB José Delgado 0-0: Ball
1-0: Ball
2-0: Fly out, F6 (Popup, 6M)
Batting: RHB Marlon Phipps 0-0: Ball
1-0: Ground out 5-3 (Groundball, 56S)
Batting: LHB Juan Cortés 0-0: Called Strike
0-1: Foul Ball, location: 2F
0-2: Ground out 4-3 (Groundball, 34)
Bottom of the 6th over - 0 run(s), 0 hit(s), 0 error(s), 0 left on base; Madison 0 - Pocatello 1
TOP OF THE 7TH
Madison Bombers batting - Pitching for Pocatello Boccabellas : RHP José Rojas
Batting: RHB Sergio Márquez 0-0: Ball
1-0: Ball
2-0: DOUBLE (Line Drive, 9LM)
Batting: LHB Sixto Cantú 0-0: Swinging Strike
0-1: SINGLE (Groundball, 6MD)
Sergio Márquez to third
Runner from 3rd tries for Home, throw and OUT!
Sixto Cantú to second
Batting: LHB Dave Williams 0-0: Called Strike
0-1: Called Strike
0-2: Ball
1-2: Ball
2-2: Ball
3-2: Strikes out swinging
Batting: RHB Bailey Ramsey 0-0: Called Strike
0-1: Swinging Strike
0-2: Fly out, F9 (Flyball, 9M)
Top of the 7th over - 0 run(s), 2 hit(s), 0 error(s), 1 left on base; Madison 0 - Pocatello 1
BOTTOM OF THE 7TH
Pocatello Boccabellas batting - Pitching for Madison Bombers : RHP Won-min Im
Batting: RHB Francisco Sandoval 0-0: Called Strike
0-1: Ball
1-1: Ball
2-1: Fly out, F8 (Flyball, 8RXD)
Batting: LHB Norberto Muñóz 0-0: Called Strike
0-1: Called Strike
0-2: Strikes out swinging
Batting: LHB David Monahan 0-0: Ground out 5-3 (Groundball, 56S)
Bottom of the 7th over - 0 run(s), 0 hit(s), 0 error(s), 0 left on base; Madison 0 - Pocatello 1
TOP OF THE 8TH
Madison Bombers batting - Pitching for Pocatello Boccabellas : RHP José Rojas
Batting: LHB José Santos 0-0: Ball
1-0: Swinging Strike
1-1: Foul Ball, location: 2F
1-2: Ball
2-2: Strikes out looking
Pitching: RHP Bill Lowe
Batting: SHB Derek Roach 0-0: Ball
1-0: Swinging Strike
1-1: Swinging Strike
1-2: Foul Ball, location: 2F
1-2: Ball
2-2: Fly out, F7 (Line Drive, 78M)
Pitching: RHP Jaime Espinoza
Batting: RHB Vicente Aguirre 0-0: Ball
1-0: Ball
2-0: Ground out 5-3 (Groundball, 56)
Top of the 8th over - 0 run(s), 0 hit(s), 0 error(s), 0 left on base; Madison 0 - Pocatello 1
BOTTOM OF THE 8TH
Pocatello Boccabellas batting - Pitching for Madison Bombers : RHP Won-min Im
Batting: RHB Pedro Guzmán 0-0: Called Strike
0-1: Called Strike
Error on foul ball, E2
0-2: Ball
1-2: Ball
2-2: Fly out, F6 (Line Drive, 6)
Batting: RHB Pete Harvey 0-0: Swinging Strike
0-1: Called Strike
0-2: SINGLE (Groundball, 56D) (infield hit)
Batting: SHB Guillermo Ortíz 0-0: Swinging Strike
0-1: Grounds into double play, 4-6-3 (Groundball, 4)
Bottom of the 8th over - 0 run(s), 1 hit(s), 1 error(s), 0 left on base; Madison 0 - Pocatello 1
TOP OF THE 9TH
Madison Bombers batting - Pitching for Pocatello Boccabellas : RHP Jaime Espinoza
Pitching: LHP Mario Tobías
Batting: SHB Michael McDonald 0-0: Foul Ball, location: 2F
0-1: Ground out 5-3 (Groundball, 56)
Pinch Hitting: RHB Quinton Martínez 0-0: Ball
1-0: Ground out 5-3 (Groundball, 5L)
Batting: RHB Sergio Márquez 0-0: Ball
1-0: Fly out, F5 (Line Drive, 5S)
Top of the 9th over - 0 run(s), 0 hit(s), 0 error(s), 0 left on base; Madison 0 - Pocatello 1
This league is powered by Out of the Park Baseball, the baseball management simulation game for PC, Mac and Linux
Saturday, April 9th, 2016 - OOTP Baseball 16.8 Build 38